AoeStats
← Lerny

Arena

510585189Analyzed
4v4 RM · 21h ago on Oct 1, 2026· 78m 5s· 8 players
Game mode
Random Map
Map size
Large (8 player)
Population
200
Speed
Normal
Resources
Standard
Victory
Conquest
Starting age
Dark Age
Ending age
Imperial Age
RankedLock teamsTeams togetherTeam positionsShared explorationLock speedFull tech treeHidden civsTurbo modeCheats
Victory
Defeat
🇩🇪 Romans · Germany
1022
+13
🇨🇿 Vikings · Czechia
1018
+13
🇵🇰 Mongols · Pakistan
954
+16
🇮🇹 Italians · Italy
939
+15
🇨🇱 Vikings · Chile
973
-15
🇳🇴 Vikings · Norway
950
-14
🇺🇸 Turks · United States
942
-14
🇩🇪 Varangians · Germany
939
-14
Red Death
10:09 Feudal Age
10:40 Double-Bit Axe
11:01 Horse Collar
18:01 Castle Age
18:03 Scale Barding Armor
22:00 Forging
26:42 Gold Mining
28:05 Wheelbarrow
27:52 Padded Archer Armor
27:42 Fletching
34:09 Imperial Age
31:53 Bow Saw
34:07 Hand Cart
34:41 Gold Shaft Mining
33:58 Stone Mining
36:26 Leather Archer Armor
36:07 Bodkin Arrow
36:18 Loom
36:19 Town Watch
37:48 Two-Man Saw
37:27 Conscription
37:46 Elite Janissary
39:37 Artillery
42:42 Hoardings
42:53 Ballistics
42:54 Bombard Tower
48:35 Fortified Wall
48:35 Masonry
53:16 Ring Archer Armor
kris10an
10:45 Feudal Age
15:27 Castle Age
15:04 Double-Bit Axe
24:21 Scale Mail Armor
28:47 Arson
32:44 Chain Mail Armor
37:03 Imperial Age
37:16 Elite Skirmisher
38:23 Fletching
38:34 Padded Archer Armor
38:56 Bow Saw
39:25 Conscription
38:42 Elite Skirmisher
39:53 Squires
41:44 Bodkin Arrow
Matze91
10:26 Feudal Age
14:30 Castle Age
12:17 Horse Collar
12:45 Double-Bit Axe
15:46 Bow Saw
15:50 Heavy Plow
17:14 Loom
21:08 Wheelbarrow
24:35 Gold Mining
24:36 Stone Mining
25:19 Squires
25:22 Scale Mail Armor
25:34 Forging
27:15 Chain Mail Armor
27:35 Iron Casting
26:57 Gambesons
28:59 Hand Cart
36:22 Imperial Age
33:38 Town Watch
34:36 Devotion
35:01 Ballistics
35:52 Fletching
36:55 Bodkin Arrow
38:06 Conscription
38:31 Plate Mail Armor
39:03 Blast Furnace
39:25 Two-Man Saw
38:13 Elite Varangian Guard
38:46 Arson
39:13 Bracer
40:13 Gothikon
43:01 Chemistry
43:27 Scale Barding Armor
44:07 Husbandry
44:18 Bloodlines
43:29 Light Cavalry
45:10 Chain Barding Armor
44:24 Hussar
47:59 Padded Archer Armor
Lerny
10:19 Feudal Age
12:52 Loom
16:15 Castle Age
16:21 Double-Bit Axe
23:50 Horse Collar
31:35 Scale Mail Armor
35:02 Elite Skirmisher
37:02 Heavy Plow
37:41 Gold Mining
37:43 Stone Mining
38:07 Bow Saw
39:14 Squires
39:01 Arson
40:11 Chain Mail Armor
40:06 Forging
40:02 Padded Archer Armor
40:54 Gold Shaft Mining
41:25 Fletching
41:51 Leather Archer Armor
44:23 Imperial Age
42:18 Forging
42:23 Chain Mail Armor
43:11 Ballistics
43:34 Chieftains
44:59 Bodkin Arrow
48:01 Iron Casting
47:56 Plate Mail Armor
47:17 Elite Berserk
50:12 Blast Furnace
51:24 Ring Archer Armor
54:26 Bracer
iCrasher
6:24 Loom
11:00 Feudal Age
11:31 Horse Collar
11:38 Double-Bit Axe
11:48 Gold Mining
11:51 Stone Mining
13:45 Wheelbarrow
19:12 Castle Age
20:03 Bow Saw
20:54 Gold Shaft Mining
22:48 Heavy Plow
23:17 Town Watch
26:05 Man-at-Arms
26:07 Pikeman
26:48 Squires
29:46 Imperial Age
27:01 Long Swordsman
28:16 Bloodlines
29:08 Hand Cart
29:26 Scale Mail Armor
30:41 Legionary
31:55 Conscription
35:14 Forging
38:26 Caravan
39:10 Comitatenses
40:15 Heavy Scorpion
41:34 Ballistics
43:25 Chemistry
42:56 Siege Engineers
46:02 Murder Holes
46:19 Ballistas
48:27 Iron Casting
48:07 Chain Mail Armor
47:58 Scale Barding Armor
47:43 Fletching
56:07 Blast Furnace
62:35 Spies/Treason
Steposaur_CZ
0:29 Loom
10:28 Feudal Age
16:13 Castle Age
14:40 Horse Collar
16:59 Double-Bit Axe
20:35 Fletching
25:51 Town Watch
36:24 Scale Mail Armor
36:36 Forging
73:05 Light Cavalry
76:32 Scale Barding Armor
78:15 Chain Barding Armor
78:14 Chain Mail Armor
78:35 Iron Casting
77:55 Man-at-Arms
78:20 Arson
78:45 Squires
Ciccio Grigiotto
11:22 Feudal Age
15:20 Castle Age
13:32 Double-Bit Axe
14:07 Loom
14:08 Town Watch
14:08 Horse Collar
17:03 Bow Saw
21:16 Heavy Plow
23:10 Fletching
26:56 Gold Mining
30:33 Imperial Age
30:17 Ballistics
32:51 Chemistry
34:20 Bodkin Arrow
37:06 Gold Mining
37:06 Stone Mining
37:21 Bracer
37:22 Padded Archer Armor
41:35 Wheelbarrow
40:46 Town Watch
41:54 Conscription
43:19 Scale Barding Armor
43:25 Forging
44:22 Pirotechnia
48:59 Leather Archer Armor
49:09 Thumb Ring
49:38 Cavalier
50:19 Husbandry
50:29 Bloodlines
55:04 Iron Casting
69:29 Spies/Treason
YellowHaze
10:14 Feudal Age
13:25 Horse Collar
16:01 Castle Age
15:46 Double-Bit Axe
22:30 Fletching
23:07 Loom
25:52 Bodkin Arrow
26:02 Town Watch
26:52 Husbandry
27:18 Padded Archer Armor
29:20 Bloodlines
30:58 Leather Archer Armor
33:55 Ballistics
36:01 Masonry
38:39 Bow Saw
38:22 Gold Mining
38:43 Heavy Plow
39:56 Wheelbarrow
43:59 Imperial Age
41:46 Hand Cart
42:19 Light Cavalry
43:49 Thumb Ring
45:43 Bracer
48:34 Hussar
49:27 Forging
49:23 Scale Barding Armor
49:48 Parthian Tactics
54:38 Chain Barding Armor
68:02 Spies/Treason
71:33 Iron Casting
74:07 Blast Furnace
78:34 Town Patrol
Connection lost

Rejoining the realm…

Still unreachable

The connection could not be restored.

Session expired

The server has moved on; the page needs a fresh start.